 Dungeon Crawl Stone Soup version 0.19.0-18-g426998a (webtiles) character file.

212 grisgris the Sneak (level 5, 0/36 HPs)
             Began as a Vampire Enchanter on Nov 11, 2016.
             Slain by a killer bee (3 damage)
             ... on level 2 of the Dungeon.
             The game lasted 00:10:26 (3339 turns).

grisgris the Sneak (Vampire Enchanter)              Turns: 3339, Time: 00:10:27

Health: 0/36       AC:  3    Str:  7    XL:     5   Next: 58%
Magic:  7/9        EV: 13    Int: 19    God:
Gold:   70         SH:  0    Dex: 14    Spells: 3 memorised, 4 levels left

rFire  x . .     SeeInvis +     e - +0 short sword (vamp)
rCold  + + +     Gourm    .     b - +1 robe
rNeg   + + +     Faith    .     (no shield)
rPois  ∞         Spirit   .     (no helmet)
rElec  .         Reflect  .     (no cloak)
rCorr  .         Harm     .     (no gloves)
MR     .....                    (no boots)
Stlth  +++++.....               (no amulet)
                                (no ring)
                                k - ring of ice

@: bloodless, non-regenerating
A: fangs 3, see invisible, unbreathing
a: Bat Form


You were on level 2 of the Dungeon.
You were bloodless.

You visited 1 branch of the dungeon, and saw 3 of its levels.

You collected 70 gold pieces.

Inventory:

Hand Weapons
 a - a +1 dagger
 e - a +0 vampiric short sword (weapon)
 m - a +3 dagger of venom
Armour
 b - a +1 robe (worn)
Jewellery
 k - a ring of ice (left hand)
Scrolls
 i - a scroll of remove curse
 j - a scroll of teleportation
Potions
 d - 2 potions of might
 h - a potion of lignification
 o - a potion of degeneration {unknown}
 p - a potion of haste {unknown}
Books
 c - a book of Maledictions

   Spells                             Type                      Level
   a - Corona                         Hexes                        1
   b - Ensorcelled Hibernation        Hexes/Ice                    2
   c - Confuse                        Hexes                        3
   d - Tukima's Dance                 Hexes                        3
   e - Dazzling Spray                 Conjuration/Hexes            3


   Skills:
 + Level 0.5 Fighting
 + Level 1.7 Short Blades
 + Level 2.4 Dodging
 + Level 6.6 Stealth
 + Level 3.2 Spellcasting
 + Level 5.7 Hexes
 + Level 1.4 Ice Magic


You had 4 spell levels left.
You knew the following spells:

 Your Spells              Type           Power        Failure   Level  Hunger
a - Ensorcelled Hibernat  Hex/Ice        ###...       8%          2    ##.....
b - Confuse               Hex            ###.....     4%          3    ###....
c - Corona                Hex            ###....      1%          1    None


Dungeon Overview and Level Annotations

Branches:
Dungeon (3/15)

Altars:


Innate Abilities, Weirdness & Mutations

You do not heal naturally.
You are immune to poison.
You have razor-sharp teeth.
You have supernaturally acute eyesight. (SInv)
You can survive without breathing.


Message History

The killer bee misses you. The killer bee barely misses you.
The killer bee stings you! The killer bee stings you.
You climb upwards.
There is a stone staircase leading down here.
You see here a stone.
Casting: Ensorcelled Hibernation
Confirm with . or Enter, or press ? or * to list all spells.
Aiming: Ensorcelled Hibernation
Press: ? - help, Shift-Dir - straight line, f - killer bee
Aim: a killer bee (chance to defeat MR: 62%)
You feel a surge of power!
The killer bee looks drowsy...
The killer bee stings you!
* * * LOW HITPOINT WARNING * * *
The killer bee stings you.
* * * LOW HITPOINT WARNING * * *
The helpless killer bee fails to defend itself.
You puncture the killer bee!
The killer bee is almost dead.
The killer bee stings you.
You die...

##........##.........#...###..
#..........#.#................
#............#.........#####..
#..........###................
##.........(#...........#####..
#......................## ##..
#.#.................##.#####...
#......†............##...#...##
##............(@y......#........
#.............y......#.......#..
##....................##.........
#)............#######............
...##......(....†.....#..........
............##########...........
...########## #........... ....#
#.........). ....# #...........


You could see 2 killer bees.

Vanquished Creatures
  2 killer bees
  A bullfrog skeleton (D:3)
  3 adders
  An ooze (D:1)
  A worm (D:2)
  A dart slug (D:2)
  4 leopard geckos
  2 giant cockroaches
  10 goblins
  8 hobgoblins
  A quokka (D:2)
  2 ball pythons (D:1)
  11 bats
  4 frilled lizards
  9 kobolds
  5 rats
65 creatures vanquished.

Notes
Turn   | Place    | Note
-------+----------+-------------------------------------------
     0 | D:1      | grisgris the Vampire Enchanter began the quest for the Orb.
     0 | D:1      | Reached XP level 1. HP: 13/13 MP: 3/3
   432 | D:1      | Reached XP level 2. HP: 16/19 MP: 1/5
   439 | D:1      | Learned a level 2 spell: Ensorcelled Hibernation
   969 | D:1      | Reached skill level 5 in Hexes
  1308 | D:2      | Reached XP level 3. HP: 24/24 MP: 6/6
  1311 | D:2      | Reached skill level 5 in Stealth
  2190 | D:2      | Learned a level 3 spell: Confuse
  2272 | D:2      | Reached XP level 4. HP: 31/31 MP: 3/7
  2824 | D:3      | Reached skill level 1 in Ice Magic
  2842 | D:3      | Reached skill level 6 in Stealth
  2842 | D:3      | Reached XP level 5. HP: 19/36 MP: 3/9
  3339 | D:2      | Slain by a killer bee

Skill      XL: |  1  2  3  4 |
---------------+-------------+-----
Hexes          | 5 |  5.7
Stealth        | 5 6 |  6.6
Ice Magic      | 1 |  1.4
Spellcasting   | 3 |  3.2
Fighting       | |  0.5
Short Blades   | |  1.7
Dodging        | |  2.4

Action                   |  1- 3 |  4- 6 || total
-------------------------+-------+-------++-------
Melee: Dagger            |    88 |    33 ||   121
       Bite              |     5 |     4 ||     9
       Short sword       |       |     1 ||     1
 Cast: Corona            |    12 |       ||    12
       Ensorcelled Hiber |    29 |    25 ||    54
       Confuse           |       |     1 ||     1
 Abil: End Transformatio |       |     1 ||     1
       Bat Form          |       |     1 ||     1
  Use: Potion            |     2 |     1 ||     3
       Scroll            |       |     8 ||     8
 Stab: Sleeping          |    24 |    22 ||    46
       Confused          |       |     1 ||     1
Armor: Robe              |    11 |     6 ||    17
Dodge: Dodged            |    60 |    31 ||    91
